 Dungeon Crawl Stone Soup version 0.28.0-45-g0d030f2227 (webtiles) character file.

Game seed: 8928854497692816827

0 Rizhan the Magician (level 1, 0/16 HPs)
             Began as a Troll Hedge Wizard on Apr 4, 2022.
             Slain by a kobold
             ... wielding a +0 dagger of draining
              (3 damage)
             ... on level 1 of the Dungeon.
             The game lasted 00:02:47 (30 turns).

Rizhan the Magician (Troll Hedge Wizard)              Turns: 30, Time: 00:02:48

Health: 0/16       AC:  4    Str: 17    XL:     1   Next: 8%
Magic:  2/2        EV:  9    Int: 10    God:
Gold:   14         SH:  0    Dex:  9    Spells: 3/4 levels left

rFire   . . .      SeeInvis .   a - +0 dagger
rCold   . . .      Faith    .   (no shield)
rNeg    . . .      Spirit   .   b - +0 robe
rPois   .          Reflect  .   c - +0 hat
rElec   .          Harm     .   (no cloak)
rCorr   .          Rampage  .   (gloves unavailable)
Will    .....                   (boots unavailable)
Stlth   +.........              (no amulet)
HPRegen 0.85/turn               (no ring)
MPRegen 0.08/turn               (no ring)

@: no status effects
A: large, unfitting armour, claws 3, regeneration 1, shaggy fur 1, tough skin 1
a: no special abilities


You were on level 1 of the Dungeon.
You visited 1 branch of the dungeon, and saw 1 of its levels.

You collected 14 gold pieces.

Inventory:

Hand Weapons
 a - a +0 dagger (weapon)
Armour
 b - a +0 robe (worn)
 c - a +0 hat (worn)


   Skills:
 + Level 1.5 Dodging
 + Level 1.0 Stealth
 + Level 2.0 Spellcasting
 + Level 0.6 Conjurations
 + Level 0.6 Summonings
 + Level 0.6 Translocations


You had 3 spell levels left.
You knew the following spells:

 Your Spells              Type           Power      Damage    Failure   Level
a - Magic Dart            Conj           8%         1d3       24%         1

Your spell library contained the following spells:

 Spells                   Type           Power      Damage    Failure   Level
 Slow                     Hex            4%         N/A       30%         1
 Blink                    Tloc           4%         N/A       36%         2
 Call Imp                 Summ           2%         N/A       36%         2
 Conjure Flame            Conj/Fire      1%         6-21      63%         3
 Mephitic Cloud           Conj/Pois/Air  1%         N/A       65%         3


Dungeon Overview and Level Annotations

Branches:
Dungeon (1/15)

Altars:


Innate Abilities, Weirdness & Mutations

You are too large for most types of armour.
You have claws for hands.
Your natural rate of healing is unusually fast.
You are covered in fur. (AC +1)
You have tough skin. (AC +1)


Message History

The kobold hits you but does no damage.
You barely miss the kobold.
The kobold is moderately wounded.
The giant cockroach bites you. The goblin hits you but does no damage.
A kobold comes into view. It is wielding a +0 dagger of draining.
The kobold hits you with a +0 dagger.
The giant cockroach bites you but does no damage.
You hit the kobold.
You kill the kobold!
The bat misses you. The goblin barely misses you.
The kobold closely misses you. The giant cockroach bites you.
The bat hits you but does no damage. The goblin misses you.
The kobold barely misses you. The giant cockroach closely misses you.
Things that are here:
a +0 dagger; a kobold corpse You barely miss the goblin.
The bat hits you. The goblin hits you but does no damage.
The kobold hits you but does no damage. The giant cockroach barely misses you.
You barely miss the goblin. The bat hits you but does no damage.
The goblin barely misses you.
The kobold hits you with a +0 short sword.
The giant cockroach closely misses you.
You barely miss the goblin. The bat hits you but does no damage.
The giant cockroach bites you but does no damage.
The goblin hits you with a +0 club.
The kobold hits you with a +0 short sword.
The giant cockroach bites you.
You hit the goblin.
The goblin is moderately wounded.
The bat hits you but does no damage. The goblin hits you with a +0 club.
The kobold barely misses you.
The kobold hits you with a +0 short sword.
* * * LOW HITPOINT WARNING * * *
The giant cockroach bites you.
* * * LOW HITPOINT WARNING * * *
You closely miss the goblin.
The goblin is moderately wounded.
The bat hits you but does no damage. The goblin closely misses you.
The kobold hits you with a +0 dagger of draining.
You die...

#### .. ###...
... ...# #...
##B###....
.######.@K......
....)..Kgb...$..
.......>........
#######''#######
###≈§..≈§###
##≈≈≈≈..§§§§##
#≈§≈#≈..≈#§≈§#
##§§§≈≈..≈≈§≈§#
#≈≈§§≈§§.≈≈≈≈§≈#


You could see a giant cockroach, a goblin, a bat and 2 kobolds.

Vanquished Creatures
  A kobold (D:1)
1 creature vanquished.

Notes
Turn   | Place    | Note
-------+----------+-------------------------------------------
     0 | D:1      | Rizhan the Troll Hedge Wizard began the quest for the Orb.
     0 | D:1      | Reached XP level 1. HP: 16/16 MP: 2/2
    30 | D:1      | Slain by a kobold

Illustrated notes

Levels and vault maps discovered:
D:1:      lightli_molten_gateway, layout_rooms, basic_ecumenical_altar,
          lexackson_kobold_supper

Action                   || total
-------------------------++-------
Melee: Dagger            ||    10
 Cast: Magic Dart        ||     1
Armor: Robe              ||    18
Dodge: Dodged            ||    16
